 Dungeon Crawl Stone Soup version 0.29-a0-582-ge82337ba6a (webtiles) character file.

Game seed: 15114069138450995676

3 zeratav the Skirmisher (level 1, -2/14 HPs)
             Began as a Kobold Fighter on June 14, 2022.
             Slain by a gnoll
             ... wielding a +0 club
              (7 damage)
             ... on level 1 of the Dungeon.
             The game lasted 00:00:16 (99 turns).

zeratav the Skirmisher (Kobold Fighter)               Turns: 99, Time: 00:00:17

Health: -2/14      AC:  6    Str: 13    XL:     1   Next: 55%
Magic:  1/1        EV: 10    Int:  9    God:
Gold:   13         SH:  5    Dex: 14    Spells: 0/0 levels left

rFire   . . .      SeeInvis .   a - +0 rapier {short}
rCold   . . .      Faith    .   c - +0 buckler
rNeg    . . .      Spirit   .   b - +0 scale mail
rPois   .          Reflect  .   (no helmet)
rElec   .          Harm     .   (no cloak)
rCorr   .          Rampage  .   (no gloves)
Will    .....                   (no boots)
Stlth   +.........              (no amulet)
HPRegen 0.04/turn               (no ring)
MPRegen 0.07/turn               (no ring)

@: no status effects
A: small, no large weapons, nightstalker 3
a: no special abilities


You were on level 1 of the Dungeon.
You visited 1 branch of the dungeon, and saw 1 of its levels.

You collected 13 gold pieces.


Innate Abilities, Weirdness & Mutations

You are small and have problems with some larger weapons.
You are completely attuned to the shadows.


   Skills:
 - Level 3.2 Fighting
 + Level 2.9 Short Blades
 - Level 2.4 Armour
 + Level 1.0 Stealth
 - Level 2.4 Shields


You couldn't memorise any spells.
You didn't know any spells.
Your spell library was empty.

Inventory:

Hand Weapons
 a - a +0 rapier (weapon) {short}
Armour
 b - a +0 scale mail (worn)
 c - a +0 buckler (worn)
Potions
 d - a potion of might

Dungeon Overview and Level Annotations

Branches:
Dungeon (1/15)

Altars:

.............
##.8
.............
#..
...........
#......####
#......#
#......#
#...†..#
#.g....#
#.@....#
#........
..........
..........
.........


You could see a gnoll.


Message History

Welcome, zeratav the Kobold Fighter.
Will you prevail where others failed? Will you find the Orb of Zot?
Press ? for a list of commands and other information.
Found a staircase leading out of the dungeon.
The komodo dragon hisses angrily.
The wyvern hisses angrily.
The hound barks!
The lindwurm roars!
You now have 13 gold pieces.
You open the door.
There is an open door here.
Found a stone staircase leading down.
e - a +0 robe A goblin comes into view. It is wielding a +0 club.
The goblin shouts!
You hear a shout!
You puncture the goblin!
You kill the goblin!
No target in view!
No target in view!
No target in view!
No target in view!
No target in view!
No target in view!
No target in view!
No target in view!
No target in view!
No target in view!
No target in view!
No target in view!
No target in view!
You drop a +0 robe.
Things that are here:
a +0 club {mace}; a goblin corpse A rat comes into view.
The rat bites you.
HP[-2]
You take 2 damage, and now have 12/14 hp.
You closely miss the rat. You block the rat's attack.
You hit the rat. The rat bites you but does no damage.
You closely miss the rat. The rat barely misses you.
You closely miss the rat. The rat closely misses you.
You closely miss the rat. The rat closely misses you.
You hit the rat. The rat bites you but does no damage.
You puncture the rat!
You kill the rat!
No target in view!
No target in view!
No target in view!
No target in view!
No target in view!
No target in view!
No target in view!
No target in view!
No target in view!
A kobold comes into view. It is wielding a +0 dagger.
A kobold is nearby!
The kobold shouts!
You hear a shout!
You see here a rat corpse.
The kobold hits you with a +0 dagger.
HP[-3]
You take 3 damage, and now have 9/14 hp.
MASSIVE DAMAGE!! (PAUSE)
You are too injured to fight recklessly!
You are too injured to fight recklessly!
You are too injured to fight recklessly!
You are too injured to fight recklessly!
You are too injured to fight recklessly!
You are too injured to fight recklessly!
You are too injured to fight recklessly!
You are too injured to fight recklessly!
You are too injured to fight recklessly!
You are too injured to fight recklessly!
You are too injured to fight recklessly!
You are too injured to fight recklessly!
You are too injured to fight recklessly!
You are too injured to fight recklessly!
You are too injured to fight recklessly!
You are too injured to fight recklessly!
You are too injured to fight recklessly!
You closely miss the kobold. The kobold hits you but does no damage.
You block the kobold's attack.
A gnoll comes into view. It is wielding a +0 club.
You closely miss the kobold. The kobold hits you but does no damage.
You closely miss the kobold. The kobold hits you but does no damage.
You miss the kobold. The kobold closely misses you.
You hit the kobold.
You kill the kobold!
Your Stealth skill increases to level 1!
The gnoll hits you but does no damage.
Things that are here:
a +0 dagger {short}; a scroll labelled NUOBRURATT You hit the gnoll but do no damage.
The gnoll hits you but does no damage.
You hit the gnoll. You block the gnoll's attack.
The gnoll hits you with a +0 club.
* * * LOW HITPOINT WARNING * * *
HP[-4]
You take 4 damage, and now have 5/14 hp.
MASSIVE DAMAGE!! (PAUSE)
You hit the gnoll. The gnoll completely misses you.
You barely miss the gnoll. The gnoll hits you with a +0 club!
Ouch! That really hurt!
You die...

Skill      XL: |  1 |
---------------+----+-----
Stealth        | 1 |  1.0
Fighting       | |  3.2
Short Blades   | |  2.9
Armour         | |  2.4
Shields        | |  2.4

Action                   || total
-------------------------++-------
Melee: Rapier            ||    17
Armor: Scale mail        ||     7
Dodge: Dodged            ||     5
Block: Buckler           ||     3

Levels and vault maps discovered:
D:1:      onia_arrival_zoo_common, layout_basic, minmay_hedge_maze

Notes
Turn   | Place    | Note
-------+----------+-------------------------------------------
     0 | D:1      | zeratav the Kobold Fighter began the quest for the Orb.
     0 | D:1      | Reached XP level 1. HP: 14/14 MP: 1/1
     0 | D:1      | magus.rc [v1.9.6]
     7 | D:1      | Noticed a komodo dragon
     7 | D:1      | Noticed a wyvern
     7 | D:1      | Noticed a lindwurm
     8 | D:1      | Noticed a hound
    95 | D:1      | Reached skill level 1 in Stealth
    99 | D:1      | Slain by a gnoll

Vanquished Creatures
  A goblin (D:1)
  A kobold (D:1)
  A rat (D:1)
3 creatures vanquished.

Table legend:
 A = Non-vault XP
 B = Vault XP
 C = Vault XP percentage of total XP
 D = Non-vault monster count
 E = Vault monster count
 F = Vault count percentage of total count
                 A         B        C        D         E       F
            +---------+---------+-------+---------+---------+-------
      Total |       5 |       0 |   0.0 |       3 |       0 |   0.0
            +---------+---------+-------+---------+---------+-------
        D:1 |       5 |       0 |   0.0 |       3 |       0 |   0.0
            +---------+---------+-------+---------+---------+-------

Illustrated notes

Table legend:
 A = Kills in this place as a percentage of kills in entire the game.
 B = Kills by you in this place as a percentage of kills by you in the entire game.
 C = Kills by friends in this place as a percentage of kills by friends in the entire game.
 D = Other kills in this place as a percentage of other kills in the entire game.
 E = Experience gained in this place as a percentage of experience gained in the entire game.
 F = Experience gained in this place divided by the number of levels of this place that you have seen.
                   A       B       C       D       E      F
               +-------+-------+-------+-------+-------+----------------------
         Total | 100.0 | 100.0 |   N/A |   N/A | 100.0 |   5.0
       Dungeon | 100.0 | 100.0 |   N/A |   N/A | 100.0 |   5.0
               +-------+-------+-------+-------+-------+----------------------

Table legend: (Time is in decaauts)
 A = Elapsed time spent in this place.
 B = Non-inter-level travel time spent in this place.
 C = Inter-level travel time spent in this place.
 D = Time resting spent in this place.
 E = Time spent auto-exploring this place.
 F = Levels seen in this place.
 G = Mean time per level.
                   A        B        C        D        E       F      G
               +--------+--------+--------+--------+--------+-----+--------+
         Total |    101 |    101 |      0 |      0 |     71 |   1 |  101.0 |
       Dungeon |    101 |    101 |      0 |      0 |     71 |   1 |  101.0 |
               +--------+--------+--------+--------+--------+-----+--------+

Top non-repeatable levels by time:
     D:1: 101 daAuts
